 Dungeon Crawl Stone Soup version 0.27.1-3-gb3d3a73c9e (webtiles) character file.

Game seed: 1617246885854098538

6311 cdecastro the Transmogrifier (level 10, -10/84 HPs)
             Began as a Grey Draconian Transmuter on Oct 12, 2021.
             Was a Believer of Wu Jian.
             Mangled by an orc warrior (17 damage)
             ... on level 10 of the Dungeon on Oct 13, 2021.
             The game lasted 00:23:19 (11124 turns).

cdecastro the Transmogrifier (DrTm)                Turns: 11124, Time: 00:23:20

Health: -10/84     AC: 13    Str: 19    XL:     10   Next: 64%
Magic:  13/13      EV: 12    Int: 16    God:    Wu Jian [**....]
Gold:   417        SH:  0    Dex: 12    Spells: 3/13 levels left

rFire    . . .     SeeInvis .     - Unarmed
rCold    . . .     Faith    .   (no shield)
rNeg     . . .     Spirit   .   (armour unavailable)
rPois    .         Reflect  .   (helmet currently unavailable)
rElec    .         Harm     .   a - +0 cloak
rCorr    .         Rampage  .   (no gloves)
Will     +....                  (boots currently unavailable)
Stlth    +.........             L - amulet of magic regeneration
HPRegen  0.24/turn              i - +6 ring of strength
MPRegen  0.38/turn              N - ring of willpower

@: appendages
A: horns 2, talons 2, AC +12, amphibious, unfitting armour, cold-blooded
a: End Transformation, Renounce Religion, Wall Jump


You were on level 10 of the Dungeon.
You worshipped Wu Jian.
Wu Jian was pleased with you.
You had temporarily grown beastly horns and talons.
You visited 2 branches of the dungeon, and saw 11 of its levels.
You also visited: Sewer.

You collected 417 gold pieces.

Inventory:

Hand Weapons
 J - a +2 shortbow of freezing
Missiles
 b - 200 stones
 c - 3 boomerangs
 d - 21 poisoned darts
 f - 154 arrows
 m - 17 sling bullets
 s - 67 bolts
 x - 7 throwing nets
 C - 4 boomerangs of dispersal
 D - a curare-tipped dart
Armour
 a - a +0 cloak (worn)
 o - a +0 buckler
 u - a +0 pair of boots (melded)
 G - a scarf of resistance
Magical Staves
 y - a staff of air
Jewellery
 i - a +6 ring of strength (left hand)
 H - a ring of see invisible
 K - an amulet of faith
 L - an amulet of magic regeneration (around neck)
 N - a ring of willpower (right hand)
 P - a ring of protection from cold
 T - a ring of protection from fire
Wands
 r - a wand of polymorph (4)
 E - a wand of digging (4)
 F - a wand of iceblast (14)
 I - a wand of paralysis (7)
 S - a wand of flame (18)
Scrolls
 g - 6 scrolls of teleportation {unknown}
 h - 2 scrolls of fear {unknown}
 n - a scroll of enchant armour {unknown}
 p - a scroll of magic mapping {unknown}
 q - 8 scrolls of identify {unknown}
 t - 4 scrolls of noise {unknown}
 B - a scroll of fog {unknown}
 O - 3 scrolls of holy word {unknown}
 Q - a scroll of vulnerability {unknown}
 R - a scroll of summoning {unknown}
Potions
 e - 2 potions of heal wounds {unknown}
 j - a potion of haste
 k - 5 potions of curing
 l - a potion of mutation {unknown}
 v - a potion of lignification {unknown}
 w - a potion of might {unknown}
 z - a potion of invisibility {unknown}
 A - a potion of berserk rage {unknown}
 M - a potion of cancellation {unknown}


   Skills:
 * Level 6.6 Fighting
 - Level 1.7 Dodging
 - Level 10.0 Unarmed Combat
 - Level 2.0 Spellcasting
 + Level 11.7 Transmutations


You had 3 spell levels left.
You knew the following spells:

 Your Spells              Type           Power      Damage    Failure   Level
a - Beastly Appendage     Tmut           78%        N/A       1%          1
b - Wereblood             Tmut           39%        N/A       1%          2
c - Spider Form           Tmut/Pois      10%        N/A       5%          3
d - Ice Form              Ice/Tmut       20%        N/A       19%         4

Your spell library contained the following spells:

 Spells                   Type           Power      Damage    Failure   Level
 Magic Dart               Conj           4%         1d3       21%         1
 Shock                    Conj/Air       4%         1d3       21%         1
 Summon Small Mammal      Summ           4%         N/A       21%         1
 Call Imp                 Summ           1%         N/A       30%         2
 Corpse Rot               Necr/Air       N/A        N/A       30%         2
 Poisonous Vapours        Pois/Air       2%         N/A       30%         2
 Call Canine Familiar     Summ           1%         N/A       52%         3
 Mephitic Cloud           Conj/Pois/Air  1%         N/A       52%         3
 Summon Guardian Golem    Hex/Summ       1%         N/A       52%         3
 Swiftness                Air            1%         N/A       52%         3
 Airstrike                Air            0%         N/A       90%         4
 Freezing Cloud           Conj/Ice/Air   0%         6-21      99%         5
 Simulacrum               Ice/Necr       0%         N/A       100%        6
 Polar Vortex             Ice            0%         N/A       100%        9


Dungeon Overview and Level Annotations

Branches:
Dungeon (10/15)            Temple (1/1) D:7            Lair (0/6) D:8
    Orc (0/2) D:9           Sewer (visited)

Altars:
Ashenzari
Cheibriados
Dithmenos
Elyvilon
Fedhas
Kikubaaqudgha
Makhleb
Okawaru
Qazlal
Ru
Sif Muna
Trog
Uskayaw
Vehumet
Wu Jian
Xom
Yredelemnul
Zin
The Shining One

Shops:
D:3 =   D:9 [

Annotations:
D:3 2 transporters
D:9 1 runed translucent door, boopmooplesden's ghost, novice MiFi


Innate Abilities, Weirdness & Mutations

You have temporarily grown beastly horns and talons.
Your dull iron-grey scales are very hard. (AC +12)
You are amphibious.
You cannot fit into any form of body armour.
You are cold-blooded and may be slowed by cold attacks.


Message History

Unknown command.
You hit the orc warrior but do no damage.
Your kick misses the orc warrior. You headbutt the orc warrior.
You tail-slap the orc warrior, but do no damage.
The orc warrior is lightly wounded.
You feel sick.
The orc warrior hits you with a +0 battleaxe!
* * * LOW HITPOINT WARNING * * *
You closely miss the orc warrior.
The orc warrior is lightly wounded.
You feel sick.
The orc warrior hits you with a +0 battleaxe!
* * * LOW HITPOINT WARNING * * *
Unknown command.
You barely miss the orc warrior. You headbutt the orc warrior!
The orc warrior is heavily wounded.
You feel sick.
You are no longer poisoned.
The orc warrior hits you with a +0 battleaxe!
* * * LOW HITPOINT WARNING * * *
The orc warrior hits you but does no damage.
You hit the orc warrior but do no damage.
Your kick misses the orc warrior.
You punch the orc warrior, but do no damage.
The orc warrior is heavily wounded.
The orc warrior hits you with a +0 battleaxe.
* * * LOW HITPOINT WARNING * * *
Unknown command.
Unknown command.
You feel yourself speed up.
The orc warrior throws a curare-tipped dart.
The curare-tipped dart closely misses you.
There is a stone staircase leading up here.
Unknown command.
You punch the orc warrior!
You claw the orc warrior, but do no damage.
Your headbutt misses the orc warrior.
The orc warrior is severely wounded.
The orc warrior hits you with a +0 battleaxe!
You die...

#?# #......#.....#
#.# #.........#.c #.#
#.#...###.#.### #(#
#.##......#..$.
##.###.#..........#.
##..[......)...###.#
#..[..#.#.#.#......#.
#.......#.#.#........
#...@o......#.#...###
##...................
####...#............
#......#####.####...
#.##.........# ###
#.##.######### #.##.#
#.##.# #.##.#


You could see an orc warrior.

Vanquished Creatures
  Harold (D:7)
  Pikel (D:8)
  A centaur zombie (D:10)
  A wraith (D:9)
  A shadow (D:10)
  3 wyverns
  A steam dragon (D:7)
  A vampire mosquito (D:10)
  A naga (D:7)
  A water moccasin (D:8)
  5 orc warriors
  A sky beast (D:8)
  3 necrophages
  3 ogres
  3 centaurs
  2 kobold brigands
  7 bullfrogs
  3 gnoll sergeants
  2 scorpions (D:6)
  2 killer bees
  5 wights (D:5)
  2 howler monkeys (D:8)
  A bullfrog zombie (D:6)
  A bullfrog skeleton (D:5)
  3 centaur skeletons
  4 orc priests
  4 hounds
  3 jellies
  A gnoll shaman (D:8)
  2 iguanas (D:4)
  6 orc wizards
  Ijyb (D:5)
  A killer bee zombie (D:8)
  A hound skeleton (D:4)
  7 gnolls
  9 adders
  A shadow imp (D:7)
  A white imp (D:6)
  An ufetubus (D:5)
  2 adder skeletons
  2 worms (D:4)
  5 dart slugs
  29 orcs
  6 ball pythons
  2 bats
  6 endoplasms
  7 giant cockroaches
  7 goblins
  2 hobgoblins
  4 jackals (D:4)
  12 kobolds
  2 quokkas
  7 frilled lizards
  8 rats
  A butterfly (D:7)
199 creatures vanquished.

Notes
Turn   | Place    | Note
-------+----------+-------------------------------------------
     0 | D:1      | cdecastro the Draconian Transmuter began the quest for the
                  | Orb.
     0 | D:1      | Reached XP level 1. HP: 16/16 MP: 3/3
   409 | D:1      | Reached XP level 2. HP: 22/23 MP: 5/5
   501 | D:1      | You fall into a shaft and drop 1 floor!
   964 | D:1      | Reached XP level 3. HP: 27/28 MP: 6/6
   965 | D:1      | Found a faded altar of an unknown god.
  1348 | D:2      | Learned a level 2 spell: Wereblood
  2117 | D:3      | Found a transporter.
  2174 | D:3      | Found a transporter.
  2235 | D:3      | Found Oledd's Jewellery Boutique.
  2360 | D:3      | Reached XP level 4. HP: 32/33 MP: 4/7
  2364 | D:3      | Reached skill level 3 in Transmutations
  2415 | D:3      | Found a stormy altar of Qazlal.
  2795 | D:4      | Found a white marble altar of Elyvilon.
  2928 | D:4      | Noticed an ogre
  2935 | D:4      | Reached skill level 5 in Unarmed Combat
  2935 | D:4      | Reached XP level 5. HP: 35/40 MP: 5/8
  2941 | D:4      | Killed an ogre
  2977 | D:4      | Reached XP level 6. HP: 11/47 MP: 7/9
  3275 | D:4      | Reached skill level 4 in Transmutations
  4001 | D:5      | Entered Level 5 of the Dungeon
  4001 | D:5      | Noticed Ijyb
  4016 | D:5      | Killed Ijyb
  4173 | D:5      | Found a radiant altar of Vehumet.
  4256 | D:5      | Your scales start taking on a dull iron-grey colour.
  4256 | D:5      | Reached XP level 7. HP: 52/52 MP: 10/10
  4288 | D:5      | Reached skill level 5 in Transmutations
  4918 | D:6      | Noticed a wyvern
  4936 | D:6      | a wyvern changed into a sky beast
  5267 | D:6      | Reached XP level 8. HP: 58/59 MP: 9/11
  5348 | D:6      | Reached skill level 6 in Transmutations
  5386 | D:6      | Found a glowing drain.
  5390 | Sewer    | Entered a sewer
  6521 | D:7      | Noticed Maggie
  6529 | D:7      | Noticed Maggie
  6529 | D:7      | Maggie changed into Maggie the naga
  6537 | D:7      | Killed Maggie the naga
  6538 | D:7      | Reached skill level 10 in Unarmed Combat
  6538 | D:7      | Reached skill level 7 in Transmutations
  6542 | D:7      | Reached XP level 9. HP: 29/64 MP: 12/12
  6878 | D:7      | Found a staircase to the Ecumenical Temple.
  6893 | Temple   | Entered the Ecumenical Temple
  7133 | Temple   | Became a worshipper of the Wu Jian Council
  7215 | D:7      | Reached skill level 8 in Transmutations
  7579 | D:7      | Noticed Harold
  7598 | D:7      | Killed Harold
  7599 | D:7      | Reached skill level 10 in Transmutations
  8001 | D:8      | Learned a level 3 spell: Spider Form
  8008 | D:8      | Learned a level 4 spell: Ice Form
  8018 | D:8      | Found an ancient bone altar of Kikubaaqudgha.
  8045 | D:8      | Found a staircase to the Lair.
  8318 | D:8      | You fall into a shaft and drop 1 floor!
  8593 | D:8      | Reached skill level 11 in Transmutations
  8593 | D:8      | Reached XP level 10. HP: 43/71 MP: 11/13
  8772 | D:8      | Reached * piety under Wu Jian
  9140 | D:9      | Noticed Pikel
  9172 | D:8      | Killed Pikel
  9482 | D:9      | Found Ohaa's Antique Armour Shoppe.
  9508 | D:9      | Found a staircase to the Orcish Mines.
  9570 | D:9      | Found a burning altar of Makhleb.
  9715 | D:9      | Found a runed translucent door.
  9717 | D:9      | Noticed boopmooplesden's ghost (novice MiFi)
  9882 | D:9      | Reached skill level 5 in Fighting
 10155 | D:9      | Reached ** piety under Wu Jian
 10320 | D:10     | Entered Level 10 of the Dungeon
 10355 | D:10     | Found a bloodstained altar of Trog.
 10402 | D:10     | Found the +3 salamander hide armour {Flames rF++ rC--}
 10449 | D:10     | HP: 4/83 [gnoll sergeant (8)]
 10457 | D:10     | HP: 3/84 [gnoll sergeant (1)]
 11124 | D:10     | Mangled by an orc warrior

Illustrated notes

Levels and vault maps discovered:
D:1:      saegor_arrival_miasma, layout_rooms,
          hellmonk_ecumenical_altar_pennies_from_heaven
D:2:      layout_loops_ring, minmay_misc_feat_tiny, minivault_27,
          nicolae_underground_beach
D:3:      gammafunk_steamed_eel, layout_basic, mainiacjoe_overflow_paths,
          serial_shops, shop
D:4:      layout_loops_ring, elyvilon_altar_4
D:5:      layout_loops_ring, mainiacjoe_overflow_cross_hatched, uniq_ijyb
D:6:      layout_basic, gup_sewer_entry_bowl, st_stairs_10,
          roderic_roman_lattice
D:7:      layout_loops_cross, minmay_temple_entry_butterflies, uniq_harold,
          uniq_maggie
D:8:      layout_basic, old_standard_altar, lair_entry_dummy
D:9:      layout_cave_pools, mainiacjoe_overflow_small_starburst, orc_0_dummy,
          ebering_ghost_inner_flame, serial_shops, nicolae_shop_trees,
          kennysheep_generic_room_11, uniq_pikel
D:10:     hangedman_cross_stitches, layout_loops_ring,
          grunt_temple_overflow_opulence, overflow_temple_1_default,
          mainiacjoe_overflow_alcove_2
Temple:   nicolae_temple_figure_eight

Skill      XL: |  1  2  3  4  5  6  7  8  9 10 |
---------------+-------------------------------+-----
Unarmed Combat | 4 5 6 8 10 | 10.0
Transmutations | 3 4 5 7 11 | 11.7
Fighting       | 6 |  6.6
Dodging        | |  1.7
Spellcasting   | |  2.0

Action                   |  1- 3 |  4- 6 |  7- 9 | 10-12 || total
-------------------------+-------+-------+-------+-------++-------
Melee: Unarmed           |   118 |   101 |   299 |   184 ||   702
       Tailslap          |     8 |    12 |    46 |    31 ||    97
       Punch             |     1 |       |     8 |    11 ||    20
       Headbutt          |     5 |    14 |    41 |    29 ||    89
       Kick              |     6 |    23 |    61 |    29 ||   119
 Cast: Beastly Appendage |     6 |    15 |    26 |    13 ||    60
       Wereblood         |       |     1 |     5 |     4 ||    10
       Spider Form       |       |       |       |     1 ||     1
Invok: Lunge             |       |       |     7 |    17 ||    24
       Whirlwind         |       |       |       |    22 ||    22
Evoke: Wand              |       |     3 |    19 |       ||    22
 Stab: Sleeping          |     2 |       |     1 |       ||     3
Armor: Skin              |    25 |    20 |   101 |    76 ||   222
Dodge: Dodged            |    64 |    38 |   161 |    96 ||   359
